 Dungeon Crawl Stone Soup version 0.29.1-4-g47bece8355 (webtiles) character file.

Game seed: 13085592450820526695

358 CungeonDrawl the Magician (level 6, 0/40 HPs)
             Began as a Djinni Air Elementalist on Dec 8, 2022.
             Slain by Duvessa
             ... wielding a +0 antimagic short sword
              (2 damage)
             ... on level 4 of the Dungeon.
             The game lasted 00:12:24 (4095 turns).

CungeonDrawl the Magician (Djinni Air Elementalist) Turns: 4095, Time: 00:12:25

Health: 0/40       AC:  8    Str:  7    XL:     6   Next: 97%
Gold:   173        EV: 12    Int: 18    God:
                   SH:  3    Dex: 14

rFire   + + +      SeeInvis .   (no weapon)
rCold   x . .      Faith    .   o - +0 buckler
rNeg    + . .      Spirit   .   l - +2 robe {rN+}
rPois   ∞          Reflect  .   y - +1 helmet
rElec   .          Harm     .   (no cloak)
rCorr   .          Rampage  .   p - +1 pair of gloves
Will    .....                   (boots unavailable)
Stlth   ++........              (no amulet)
HPRegen 0.13/turn               h - ring of protection from fire
MPRegen 0.00/turn               (no ring)

@: flying
A: sickness immunity, fire resistance 2, cold vulnerability 1, float, innate
caster, HP casting, extra vitality 1
a: no special abilities


You were on level 4 of the Dungeon.
You visited 1 branch of the dungeon, and saw 4 of its levels.

You collected 173 gold pieces.

Inventory:

Missiles
 d - 4 curare-tipped darts
Armour
 a - a +0 robe
 l - a +2 robe of positive energy (worn)
 o - a +0 buckler (worn)
 p - a +1 pair of gloves (worn)
 y - a +1 helmet (worn)
Jewellery
 h - a ring of protection from fire (left hand)
 i - an amulet of faith
Scrolls
 b - 2 scrolls of noise {unknown}
 g - 4 scrolls of identify {unknown}
 j - a scroll of amnesia {unknown}
 k - a scroll of silence {unknown}
 q - 2 scrolls of teleportation {unknown}
 t - a scroll of enchant weapon {unknown}
 u - a scroll of enchant armour {unknown}
 v - a scroll of immolation {unknown}
 w - a scroll of torment {unknown}
Potions
 c - a potion of mutation {unknown}
 e - a potion of cancellation
 f - 2 potions of brilliance {unknown}
 m - a potion of haste {unknown}
 n - a potion of resistance {unknown}
 r - a potion of might {unknown}
 s - a potion of heal wounds {unknown}
 x - 2 potions of flight {unknown}
 z - a potion of curing {unknown}


   Skills:
 - Level 2.4 Dodging
 - Level 1.8 Stealth
 * Level 5.4 Spellcasting


You had 2 spell levels left.
You knew the following spells:

 Your Spells              Type           Power      Damage    Failure   Level
a - Shock                 Conj/Air       96%        1d9       1%          1
b - Static Discharge      Conj/Air       24%        3-6/arc   2%          2
c - Swiftness             Air            24%        N/A       5%          3
d - Airstrike             Air            12%        2d(2-18)  19%         4
e - Magic Dart            Conj           96%        1d7       1%          1
f - Passwall              Tmut/Erth      20%        N/A       2%          2
Your spell library was empty.

Dungeon Overview and Level Annotations

Branches:
Dungeon (4/15)
 Temple: D:4-7

Altars:
Ashenzari
Hepliaklqana

Annotations:
D:4 Duvessa


Innate Abilities, Weirdness & Mutations

You are immune to sickness and miasma.
You are immune to poison.
Your flesh is very heat resistant. (rF++)
You are vulnerable to cold. (rC-)
You float through the air rather than walking.
You learn spells naturally, not from books.
Your magical power is your life essence.
You have superior vitality. (+4 MHP)


Message History

Dowan is struck by an arc of lightning.
Dowan is almost dead.
You are struck by an arc of lightning.
Dowan is struck by an arc of lightning!
You kill Dowan!
You hear a distant scream of rage.
You are struck by an arc of lightning.
The lightning grounds out.
Your magical contamination has completely faded away.
You are no longer glowing.
Duvessa is nearby!
Duvessa goes berserk!
The magic dart hits Duvessa.
Duvessa is lightly wounded.
The magic dart hits Duvessa.
Duvessa is lightly wounded.
Casting: Magic Dart (safe; 1% risk of failure)
Confirm with . or Enter, or press ? or * to list all spells.
Duvessa is struck by an arc of lightning!
Duvessa is moderately wounded.
You are struck by an arc of lightning.
Duvessa is struck by an arc of lightning.
Duvessa is moderately wounded.
The lightning grounds out.
Duvessa hits you with a +0 antimagic short sword.
Casting: Static Discharge (safe; 2% risk of failure)
Confirm with . or Enter, or press ? or * to list all spells.
Duvessa is struck by an arc of lightning!
Duvessa is heavily wounded.
You are struck by an arc of lightning.
The lightning grounds out.
Duvessa hits you with a +0 antimagic short sword!
* * * LOW HITPOINT WARNING * * *
Duvessa hits you with a +0 antimagic short sword.
* * * LOW HITPOINT WARNING * * *
Casting: Static Discharge (safe; 2% risk of failure)
Confirm with . or Enter, or press ? or * to list all spells.
Okay, then.
Unknown command.
Okay, then.
It was a potion of cancellation.
You feel magically purged.
Duvessa hits you with a +0 antimagic short sword.
You die...

........#
#......#.#.#
........#
#..≈≈≈.#.#.#
........#
#..≈.≈...#.#
........#
#...≈≈≈.#.#.###
##.####.#
#.†...........# .#
#..#..###.#.#.# #
...........#.#.#
##..############.#.#
......)...e@.....#.#
..################.#
.. .# ##... .#
#...... +...e..
#...... ..... ....


You could see Duvessa (berserk).

Vanquished Creatures
  Sigmund (D:4)
  Dowan (D:4)
  Jessica (D:2)
  An orc wizard (D:3)
  2 adders
  A worm (D:3)
  A dart slug (D:2)
  9 orcs (D:3)
  8 endoplasms
  3 giant cockroaches
  6 goblins
  6 hobgoblins
  2 jackals (D:4)
  6 kobolds
  2 quokkas (D:2)
  9 ball pythons
  A bat (D:2)
  3 frilled lizards
  3 rats
66 creatures vanquished.

Notes
Turn   | Place    | Note
-------+----------+-------------------------------------------
     0 | D:1      | CungeonDrawl the Djinni Air Elementalist began the quest
                  | for the Orb.
     0 | D:1      | CungeonDrawl set off with the following spells memorised:
                  | Shock, Static Discharge, Swiftness, Airstrike.
     0 | D:1      | Reached XP level 1. HP: 15/15 MP: 0/0
   244 | D:1      | Reached XP level 2. HP: 18/21 MP: 0/0
   847 | D:2      | Noticed Jessica
   852 | D:2      | Killed Jessica
   853 | D:2      | Reached skill level 3 in Spellcasting
   853 | D:2      | Reached XP level 3. HP: 7/25 MP: 0/0
   853 | D:2      | Learned a level 1 spell: Magic Dart
  1340 | D:2      | Found a faded altar of an unknown god.
  1626 | D:2      | Reached XP level 4. HP: 31/31 MP: 0/0
  1662 | D:2      | You are sucked into a shaft and drop 1 floor!
  2470 | D:3      | Found a broken altar of Ashenzari.
  2629 | D:3      | Reached skill level 4 in Spellcasting
  2629 | D:3      | Reached XP level 5. HP: 24/35 MP: 0/0
  2629 | D:3      | Learned a level 2 spell: Passwall
  3443 | D:4      | Noticed Duvessa
  3464 | D:4      | Found a hazy altar of Hepliaklqana.
  3533 | D:4      | Noticed Sigmund
  3549 | D:4      | Killed Sigmund
  3550 | D:4      | Reached skill level 5 in Spellcasting
  3550 | D:4      | Reached XP level 6. HP: 18/40 MP: 0/0
  4030 | D:4      | Noticed Dowan
  4042 | D:4      | Killed Dowan
  4094 | D:4      | HP: 2/40 [Duvessa/+0 antimagic short sword (4)]
  4095 | D:4      | Slain by Duvessa

Illustrated notes

Levels and vault maps discovered:
D:1:      lemuel_arrival_river_ford, layout_basic, serial_glass,
          glass_columns_c, glass_columns_c, glass_columns_a, glass_columns_b,
          glass_columns_a, glass_columns_a, glass_columns_a, glass_columns_a,
          glass_columns_a, glass_columns_b, glass_columns_b, glass_columns_c,
          glass_columns_b, glass_columns_a, due_unseen_surprise,
          item_on_display_a
D:2:      layout_loops_corners, nicolae_ecumenical_snake_handling,
          chequers_serial_rivers_micro_a, uniq_jessica
D:3:      layout_basic, ashenzari_altar_1
D:4:      layout_basic, marbit_many_paths, amcnicky_altar_gilded,
          ebering_ghost_sewer_d, corexii_item_surrounded_by_moat,
          kennysheep_path_1, uniq_sigmund, uniq_duvessa

Skill      XL: |  1  2  3  4  5 |
---------------+----------------+-----
Spellcasting   | 3 4 5 |  5.4
Dodging        | |  2.4
Stealth        | |  1.8

Action                   |  1- 3 |  4- 6 || total
-------------------------+-------+-------++-------
 Cast: Shock             |    30 |    11 ||    41
       Static Discharge  |     1 |    12 ||    13
       Magic Dart        |    19 |   100 ||   119
  Use: Potion            |       |     1 ||     1
Armor: Robe              |       |     7 ||     7
Dodge: Dodged            |       |     7 ||     7
Block: Buckler           |     1 |       ||     1
